 Dungeon Crawl Stone Soup version 0.26-a0-648-g87339cca5e (webtiles) character file.

Game seed: 2765542274372979878

126 Colgate the Insei (level 4, -4/35 HPs)
             Began as a Draconian Transmuter on Sept 25, 2020.
             Slain by a gnoll
             ... wielding a +0 club
              (11 damage)
             ... on level 2 of the Dungeon.
             The game lasted 00:08:00 (2098 turns).

Colgate the Insei (Draconian Transmuter)            Turns: 2098, Time: 00:08:00

Health: -4/35      AC:  5    Str: 12    XL:     4   Next: 84%
Magic:  4/7        EV: 12    Int: 14    God:
Gold:   24         SH:  0    Dex: 12    Spells: 4/7 levels left

rFire    . . .     SeeInvis .     - Unarmed
rCold    . . .     Faith    .   (no shield)
rNeg     . . .     Spirit   .   (armour unavailable)
rPois    .         Reflect  .   (helmet currently unavailable)
rElec    .         Harm     .   (no cloak)
rCorr    .         Rampage  .   (no gloves)
MR       .....                  (boots currently unavailable)
Stlth    +.........             (no amulet)
HPRegen  0.11/turn              (no ring)
MPRegen  0.10/turn              (no ring)

@: appendages, wereblooded
A: unfitting armour, horns 2, talons 2, cold-blooded, AC +5
a: End Transformation


You were on level 2 of the Dungeon.
You had grown temporary horns.
You had grown temporary talons.
You visited 1 branch of the dungeon, and saw 2 of its levels.

You collected 24 gold pieces.

Inventory:

Scrolls
 a - 4 scrolls of identify {unknown}
 b - a scroll of amnesia {unknown}
 d - a scroll of teleportation {unknown}
 f - a scroll of immolation {unknown}
Potions
 c - 2 potions of haste {unknown}
 e - a potion of magic {unknown}
 g - a potion of stabbing {unknown}


   Skills:
 - Level 1.1 Fighting
 - Level 1.7 Dodging
 + Level 5.6 Unarmed Combat
 - Level 2.0 Spellcasting
 - Level 2.0 Transmutations


You had 4 spell levels left.
You knew the following spells:

 Your Spells              Type           Power        Failure   Level
a - Beastly Appendage     Tmut           #.....       11%         1
b - Wereblood             Tmut           #.......     16%         2

Your spell library contained the following spells:

 Spells                   Type           Power        Failure   Level
 Spider Form              Tmut/Pois      #.........   43%         3
 Ice Form                 Ice/Tmut       #.......     83%         4
 Blade Hands              Tmut           #.........   96%         5


Dungeon Overview and Level Annotations

Branches:
Dungeon (2/15)

Altars:


Innate Abilities, Weirdness & Mutations

Your plain brown scales are hard. (AC +5)
You cannot fit into any form of body armour.
You are cold-blooded and may be slowed by cold attacks.
You have a pair of horns on your head.
You have razor-sharp toenails.


Message History

You barely miss the gnoll. You claw the gnoll.
The gnoll is heavily wounded.
Your horns disappear.
Your talons disappear.
The gnoll hits you with a +0 flail.
Casting: Wereblood (safe; 16% risk of failure)
Confirm with . or Enter, or press ? or * to list all spells.
You grow a pair of large bovine horns.
Your feet morph into talons.
You hit the gnoll but do no damage. You headbutt the gnoll.
Your tail-slap misses the gnoll.
The gnoll is severely wounded.
The gnoll hits you with a +0 flail.
* * * LOW HITPOINT WARNING * * *
You hit the gnoll.
You kill the gnoll!
You howl as the wereblood boils in your veins!
You hit the gnoll. You claw the gnoll.
You headbutt the gnoll, but do no damage.
The gnoll is severely wounded.
The gnoll hits you with a +0 club!
You die...

#.#[#.#.##.#.8.#
#.#...##..#'...#
##.##############
.......# ##'##
##.###.###...##
.......##.....##
#..###.#.......## .
...###..........####...#
....<...........@g......
................####...#
...#####.......## . #..#
##.....## ##.# ##...##
.#.# ##'## ...# #.# .#.#
#.# ##.# ##.##


You could see a gnoll.

Vanquished Creatures
  A jelly (D:2)
  4 gnolls (D:2)
  An adder (D:2)
  A worm (D:2)
  3 dart slugs (D:1)
  An orc (D:2)
  A ball python (D:1)
  4 giant cockroaches
  7 goblins
  5 hobgoblins
  3 bats
  A frilled lizard (D:1)
  7 kobolds
  5 rats (D:1)
44 creatures vanquished.

Notes
Turn   | Place    | Note
-------+----------+-------------------------------------------
     0 | D:1      | Colgate the Draconian Transmuter began the quest for the
                  | Orb.
     0 | D:1      | Reached XP level 1. HP: 16/16 MP: 3/3
   270 | D:1      | Reached XP level 2. HP: 19/23 MP: 3/5
   274 | D:1      | Learned a level 2 spell: Wereblood
   553 | D:1      | Reached skill level 4 in Unarmed Combat
   796 | D:1      | Reached XP level 3. HP: 24/28 MP: 4/6
  1642 | D:2      | Reached skill level 5 in Unarmed Combat
  1642 | D:2      | Reached XP level 4. HP: 11/35 MP: 5/7
  2098 | D:2      | Slain by a gnoll

Illustrated notes

Levels and vault maps discovered:
D:1:      dpeg_arrival_rhombus, layout_loops_corners
D:2:      minmay_chambers_of_ones, layout_loops_corners, lemuel_doored_altar,
          minmay_box_of_dots, uniq_terence

Skill      XL: |  1  2  3 |
---------------+----------+-----
Unarmed Combat | 4 5 |  5.6
Fighting       | |  1.1
Dodging        | |  1.7
Spellcasting   | |  2.0
Transmutations | |  2.0

Action                   |  1- 3 |  4- 6 || total
-------------------------+-------+-------++-------
Melee: Unarmed           |    70 |    33 ||   103
       Kick              |    16 |     9 ||    25
       Headbutt          |    14 |     4 ||    18
       Tailslap          |     4 |     4 ||     8
       Punch             |       |     2 ||     2
Throw: Stone             |    15 |     2 ||    17
 Cast: Beastly Appendage |    35 |     5 ||    40
       Wereblood         |     4 |     2 ||     6
Armor: Skin              |     8 |    12 ||    20
Dodge: Dodged            |    37 |    17 ||    54

Table legend: (Time is in decaauts)
 A = Elapsed time spent in this place.
 B = Non-inter-level travel time spent in this place.
 C = Inter-level travel time spent in this place.
 D = Time resting spent in this place.
 E = Time spent auto-exploring this place.
 F = Levels seen in this place.
 G = Mean time per level.
                   A        B        C        D        E       F      G
               +--------+--------+--------+--------+--------+-----+--------+
         Total |   2091 |   2070 |     21 |      0 |   1787 |   2 | 1045.5 |
       Dungeon |   2091 |   2070 |     21 |      0 |   1787 |   2 | 1045.5 |
               +--------+--------+--------+--------+--------+-----+--------+

Top non-repeatable levels by time:
     D:1: 1191 daAuts
     D:2: 899 daAuts
